 Dungeon Crawl Stone Soup version 0.23.2-33-g5129a83184 (webtiles) character file.

Game seed: 15430587357824317353

21372 teukkam the Bludgeoner (level 12, -12/94 HPs)
             Began as a Minotaur Fighter on July 9, 2019.
             Was an Initiate of Gozag.
             Mangled by a death yak (17 damage)
             ... on level 6 of the Lair of Beasts on July 12, 2019.
             The game lasted 00:48:42 (13525 turns).

teukkam the Bludgeoner (Minotaur Fighter)          Turns: 13525, Time: 00:48:44

Health: -12/94     AC: 15    Str: 27    XL:     12   Next: 53%
Magic:  11/11      EV:  8    Int:  5    God:    Gozag
Gold:   2266       SH: 11    Dex: 14    Spells: 11/11 levels left

rFire    + + +     SeeInvis .   b - +2 dagger of Tenacity {pierce, rF++ Str+3}
rCold    . . .     Gourm    .   c - +0 shield
rNeg     + . .     Faith    .   J - +1 ring mail "Bycixt" {rF+ Dex+2}
rPois    .         Spirit   .   A - +1 hat
rElec    .         Reflect  .   U - +0 cloak
rCorr    .         Harm     .   L - +1 pair of gloves
MR       +....                  D - +2 pair of boots
Stlth    +.........             H - amulet of regeneration
HPRegen  0.65/turn              K - ring of protection from magic
MPRegen  0.12/turn              Q - ring of positive energy

@: about to teleport
A: retaliatory headbutt, horns 2
a: Potion Petition, Call Merchant, Bribe Branch, Renounce Religion


You were on level 6 of the Lair of Beasts.
You worshipped Gozag.
Gozag was most pleased with you.
You were hungry.

You visited 3 branches of the dungeon, and saw 17 of its levels.

You collected 2884 gold pieces.
You spent 582 gold pieces at shops.
You paid 36 gold pieces to Gozag.

Inventory:

Hand Weapons
 a - the +0 mace of Qehaf {flame, rElec rPois Str-4}
   (You bought it in a shop on level 10 of the Dungeon)

   It has been specially enchanted to burn those struck by it, causing extra
   injury to most foes and up to half again as much damage against particularly
   susceptible opponents.
   It affects your strength (-4).
   It insulates you from electricity.
   It protects you from poison.
 b - the +2 dagger of Tenacity (weapon) {pierce, rF++ Str+3}
   (You found it on level 4 of the Lair of Beasts)

   It inflicts extra damage upon your enemies.
   It affects your strength (+3).
   It greatly protects you from fire.
 F - a +0 war axe
 S - a cursed +4 dire flail of freezing
 V - a +2 morningstar of protection
 W - a +0 fustibalus
Missiles
 k - 72 poisoned needles
 w - 108 bolts
 x - 2 needles of confusion
 y - 71 sling bullets
 z - a javelin of penetration (quivered)
Armour
 c - a +0 shield (worn)
 j - a +0 scale mail
 m - a +2 chain mail of magic resistance
 A - a +1 hat (worn)
 D - a +2 pair of boots (worn)
 J - the +1 ring mail "Bycixt" (worn) {rF+ Dex+2}
   (You found it on level 5 of the Dungeon)

   It affects your dexterity (+2).
   It protects you from fire.
 L - a +1 pair of gloves (worn)
 U - a +0 cloak (worn)
Jewellery
 l - an uncursed ring of flight
 n - an uncursed ring of resist corrosion
 r - an uncursed amulet of guardian spirit
 G - an uncursed amulet of rage
 H - an amulet of regeneration (around neck)
 K - a ring of protection from magic (left hand)
 Q - a ring of positive energy (right hand)
Wands
 h - a wand of paralysis (7)
 s - a wand of enslavement (10)
 t - a wand of iceblast (9)
 v - a wand of disintegration (14)
 O - a wand of digging (6)
 T - a wand of polymorph (8)
 X - a wand of flame (18)
Scrolls
 g - 2 scrolls of amnesia
 i - 13 scrolls of identify
 o - a scroll of teleportation
 p - 2 scrolls of enchant weapon
 B - 4 scrolls of remove curse
 C - 3 scrolls of immolation
 E - 3 scrolls of random uselessness {unknown}
 Y - a scroll of torment {unknown}
 Z - 2 scrolls of magic mapping
Potions
 d - 2 potions of might
 e - a potion of magic
 q - a potion of berserk rage
 u - 10 potions of curing
 I - 4 potions of mutation
 M - a potion of lignification {unknown}
 N - 4 potions of agility
 R - a potion of flight
Comestibles
 f - 20 rations


   Skills:
 - Level 5.6 Fighting
 + Level 3.8 Short Blades
 - Level 5.5(11.4) Axes
 - Level 15.0(15.3) Maces & Flails
 + Level 2.2(10.0) Slings
 + Level 13.5(13.6) Throwing
 - Level 5.5 Armour
 - Level 5.5 Shields


You had 11 spell levels left.
You didn't know any spells.
Your spell library contained the following spells:

 Spells                   Type           Power        Failure   Level  Hunger
 Corpse Rot               Necr           N/A          98%         2    ###....
 Stone Arrow              Conj/Erth      #.....       100%        3    ####...
 Leda's Liquefaction      Hex/Erth       #.........   100%        4    #####..
 Bolt of Magma            Conj/Fire/Erth #.........   100%        5    ######.
 Summon Forest            Summ/Tloc      #.........   100%        5    ######.
 Hydra Form               Tmut           #.........   100%        6    #######
 Iron Shot                Conj/Erth      #.........   100%        6    #######
 Statue Form              Tmut/Erth      #........    100%        6    #######
 Summon Hydra             Summ           #.........   100%        7    #######
 Shatter                  Erth           #.........   100%        9    #######


Dungeon Overview and Level Annotations

Branches:
Dungeon (10/15)            Temple (1/1) D:4            Lair (6/6) D:10
  Swamp (0/4) Lair:3       Spider (0/4) Lair:4        Slime (0/5) Lair:6
    Orc: D:9-12

Altars:
Ashenzari
Cheibriados
Dithmenos
Elyvilon
Fedhas
Gozag
Hepliaklqana
Kikubaaqudgha
Makhleb
Nemelex Xobeh
Okawaru
Qazlal
Ru
Sif Muna
Trog
Uskayaw
Vehumet
Wu Jian
Xom
Yredelemnul
Zin
The Shining One
Jiyva

Shops:
D:5 !   D:9 :   D:10 *

Annotations:
D:8 Blork the orc
D:9 1 runed translucent door


Innate Abilities, Weirdness & Mutations

You reflexively headbutt those who attack you in melee.
You have a pair of horns on your head.


Message History

The death yak closely misses you.
As you read the scroll of teleportation, it crumbles to dust.
You feel strangely unstable. You block the death yak's attack.
The death yak gores you. x2
* * * LOW HITPOINT WARNING * * *
The death yak gores you!
* * * LOW HITPOINT WARNING * * *
The death yak gores you.
* * * LOW HITPOINT WARNING * * *
The death yak gores you!
* * * LOW HITPOINT WARNING * * *
Okay, then.
As you read the scroll of fear, it crumbles to dust.
You assume a fearsome visage.
The komodo dragon looks frightened!
The death yak looks frightened!
The death yak resists with some effort.
The death yak easily resists.
The death yak resists with almost no effort. x2
The death yak looks frightened!
The death yak gores you!
You die...
Your body crumbles into a pile of gold.

.................
##......................
........................
#................##.####
#.............##.....##
##.......#....##........
#....Y..###...#...###...
.......YY......l#. ...
......Y@Y..l.#.... ...
#......Y##.###Y.#. ..
......#..8........ ##
P.....#...Yl#.. ..
#......8.<..+.. ..
##P...#.....#.. .....#
#P. ##.8..#..## 8.8..


#PP #..####... ....#. ...### #... ..... You could see 6 death yaks and a komodo
dragon (fleeing).

Vanquished Creatures
  A two-headed ogre (D:9)
  A death yak (D:9)
  Nergalle (Lair:3)
  5 elephants
  A rime drake (Lair:4)
  5 spiny frogs
  A komodo dragon (Lair:4)
  6 jumping spiders (Lair:4)
  A hornet (D:8)
  12 blink frogs
  2 hippogriffs
  2 redbacks (Lair:4)
  A spriggan (D:7)
  2 basilisks
  24 yaks
  A wyvern (Lair:2)
  A steam dragon (D:10)
  8 water moccasins
  13 porcupines
  9 ice beasts
  A sky beast (D:7)
  A black bear (D:9)
  4 phantoms
  4 wolves
  3 ogres
  6 crocodiles
  2 centaurs
  9 bullfrogs
  3 scorpions
  A water moccasin skeleton (D:7)
  4 wights (D:9)
  7 howler monkeys
  A crimson imp (D:5)
  2 quasits
  3 centaur zombies
  2 orc priests
  A bullfrog skeleton (D:9)
  4 hounds
  2 jellies (D:8)
  3 orc wizards
  4 iguanas
  Natasha (thrice) (D:3)
  Ijyb (D:3)
  8 worker ants
  2 worker ant zombies
  21 adders
  4 shadow imps
  An ooze (D:2)
  An adder skeleton (D:5)
  2 worms
  4 leopard geckos
  20 orcs
  3 giant cockroaches
  5 hobgoblins
  9 jackals
  4 quokkas
  4 bats
  2 frilled lizards
  9 goblins
  4 kobolds
  A leopard gecko skeleton (D:5)
  A leopard gecko zombie (D:8)
  A quokka skeleton (D:9)
  3 rats
  3 fungi (Lair:4)
  2 plants
282 creatures vanquished.

Vanquished Creatures (others)
  8 fungi
  4 plants
12 creatures vanquished.

Grand Total: 294 creatures vanquished

Notes
Turn   | Place    | Note
-------+----------+-------------------------------------------
     0 | D:1      | teukkam the Minotaur Fighter began the quest for the Orb.
     0 | D:1      | Reached XP level 1. HP: 19/19 MP: 0/0
   279 | D:2      | Reached XP level 2. HP: 27/27 MP: 1/1
   282 | D:2      | Found an ancient bone altar of Kikubaaqudgha.
   721 | D:2      | Found a shattered altar of Ashenzari.
   773 | D:2      | Reached XP level 3. HP: 33/33 MP: 2/2
   964 | D:3      | Noticed Natasha
   971 | D:3      | Killed Natasha
   971 | D:3      | Reached skill level 1 in Throwing
   971 | D:3      | Reached XP level 4. HP: 17/40 MP: 3/3
  1118 | D:3      | Noticed Natasha
  1122 | D:3      | Killed Natasha
  1166 | D:3      | Noticed Ijyb
  1170 | D:3      | Killed Ijyb
  1201 | D:3      | Noticed Natasha
  1210 | D:3      | Killed Natasha
  1210 | D:3      | Reached XP level 5. HP: 23/47 MP: 2/4
  1488 | D:4      | Noticed an ogre
  1500 | D:4      | Killed an ogre
  1590 | D:4      | Found a basalt altar of Yredelemnul.
  1620 | D:4      | Reached XP level 6. HP: 40/55 MP: 5/5
  1644 | D:4      | Reached skill level 5 in Fighting
  1651 | D:4      | Reached skill level 5 in Armour
  1651 | D:4      | Reached skill level 5 in Shields
  1899 | D:4      | Found a staircase to the Ecumenical Temple.
  1905 | Temple   | Entered the Ecumenical Temple
  2034 | Temple   | Became a worshipper of Gozag Ym Sagoz the Greedy
  3383 | D:4      | Found an iron altar of Okawaru.
  3516 | D:5      | Entered Level 5 of the Dungeon
  3558 | D:5      | Reached XP level 7. HP: 60/61 MP: 6/6
  3719 | D:5      | Found Modaische's Distillery.
  3723 | D:5      | Bought a potion of mutation for 80 gold pieces
  3723 | D:5      | Bought a potion of heal wounds for 50 gold pieces
  3723 | D:5      | Bought a potion of curing for 30 gold pieces
  3723 | D:5      | Bought 2 potions of curing for 60 gold pieces
  3723 | D:5      | Bought a potion of heal wounds for 50 gold pieces
  3723 | D:5      | Bought a potion of curing for 30 gold pieces
  3723 | D:5      | Bought a potion of heal wounds for 50 gold pieces
  3737 | D:5      | Found a sacrificial altar of Ru.
  4180 | D:5      | Got a brightly glowing ring mail
  4192 | D:5      | Identified the +1 ring mail "Bycixt" {rF+ Dex+2} (You found
                  | it on level 5 of the Dungeon)
  4335 | D:6      | Reached skill level 5 in Axes
  4551 | D:6      | Reached skill level 1 in Maces & Flails
  5026 | D:7      | Reached skill level 2 in Maces & Flails
  5046 | D:7      | Reached skill level 3 in Maces & Flails
  5046 | D:7      | Reached XP level 8. HP: 63/69 MP: 7/7
  5108 | D:7      | Reached skill level 5 in Throwing
  5133 | D:7      | Reached skill level 4 in Maces & Flails
  5414 | D:7      | Reached skill level 5 in Maces & Flails
  5607 | D:7      | Reached skill level 6 in Maces & Flails
  6169 | D:8      | Reached XP level 9. HP: 67/74 MP: 8/8
  6202 | D:8      | Reached skill level 7 in Maces & Flails
  6419 | D:8      | Noticed Blork the orc
  6465 | D:9      | Found Pohy's Book Boutique.
  6481 | D:9      | Reached skill level 8 in Maces & Flails
  6520 | D:9      | Found a glowing silver altar of Zin.
  6521 | D:9      | Found a runed translucent door.
  6521 | D:9      | Noticed an angel
  6626 | D:10     | Entered Level 10 of the Dungeon
  6679 | D:10     | Noticed a death yak
  6679 | D:10     | Noticed a death yak
  6910 | D:8      | Noticed Blork
  6910 | D:8      | Blork the orc changed into Blork the worker ant
  6917 | D:8      | Found a deep blue altar of Sif Muna.
  7291 | D:9      | Noticed a two-headed ogre
  7369 | D:9      | Killed a death yak
  7369 | D:9      | Reached skill level 9 in Maces & Flails
  7496 | D:9      | Killed a two-headed ogre
  7496 | D:9      | Reached skill level 10 in Maces & Flails
  7496 | D:9      | Reached XP level 10. HP: 42/82 MP: 9/9
  7583 | D:10     | Noticed a death yak
  7892 | D:10     | Found Cihunith's Assorted Antiques.
  7902 | D:10     | Bought a crystal mace for 232 gold pieces
  7902 | D:10     | Identified the cursed +0 mace of Qehaf {flame, rElec rPois
                  | Str-4} (You bought it in a shop on level 10 of the Dungeon)
  7945 | D:10     | Found a staircase to the Lair.
  7972 | Lair:1   | Entered Level 1 of the Lair of Beasts
  7995 | Lair:1   | Reached skill level 10 in Throwing
  8115 | Lair:1   | Reached skill level 11 in Maces & Flails
  9027 | Lair:2   | Noticed a spiny frog
  9038 | Lair:1   | Killed a spiny frog
  9038 | Lair:1   | Reached skill level 12 in Maces & Flails
  9088 | Lair:2   | Noticed an elephant
  9112 | Lair:2   | Killed an elephant
  9130 | Lair:2   | Reached XP level 11. HP: 68/88 MP: 10/10
  9341 | Lair:3   | Noticed Nergalle
  9350 | Lair:3   | Killed Nergalle
  9379 | Lair:3   | Found a frozen archway.
  9694 | Lair:2   | Reached skill level 13 in Maces & Flails
  9924 | Lair:3   | HP: 4/88 [yak (7)]
 10041 | Lair:3   | Found a staircase to the Swamp.
 10703 | Lair:4   | Reached skill level 14 in Maces & Flails
 10904 | Lair:4   | Got a shadowed robe
 10919 | Lair:4   | Identified the +1 robe "Xehan" {rF+ rC+ MR+ Str-5} (You
                  | found it on level 4 of the Lair of Beasts)
 11122 | Lair:4   | Reached XP level 12. HP: 94/94 MP: 11/11
 11504 | Lair:4   | Got a translucent dagger
 11506 | Lair:4   | Identified the cursed +2 dagger of Tenacity {pierce, rF++
                  | Str+3} (You found it on level 4 of the Lair of Beasts)
 11541 | Lair:4   | Reached skill level 1 in Short Blades
 11607 | Lair:4   | Found a hole to the Spider Nest.
 12110 | Lair:4   | Reached skill level 15 in Maces & Flails
 12442 | Lair:4   | Reached skill level 1 in Slings
 13312 | Lair:6   | Entered Level 6 of the Lair of Beasts
 13472 | Lair:6   | Noticed a death yak
 13472 | Lair:6   | Noticed a death yak
 13472 | Lair:6   | Noticed a death yak
 13472 | Lair:6   | Noticed a death yak
 13472 | Lair:6   | Noticed a death yak
 13472 | Lair:6   | Noticed a death yak
 13517 | Lair:6   | Found a viscous altar of Jiyva.
 13518 | Lair:6   | Found a staircase to the Slime Pits.
 13524 | Lair:6   | HP: 4/94 [death yak (7)]
 13525 | Lair:6   | Mangled by a death yak

Skill      XL: |  1  2  3  4  5  6  7  8  9 10 11 12 |
---------------+-------------------------------------+-----
Fighting       | 4 5 |  5.6
Armour         | 4 5 |  5.5
Shields        | 4 5 |  5.5
Axes           | 3 4 5 |  5.5
Throwing       | 1 2 4 6 9 11 12 13 | 13.5
Maces & Flails | 3 6 10 12 14 15 | 15.0
Short Blades   | 3 |  3.8
Slings         | 2 |  2.2

Action                   |  1- 3 |  4- 6 |  7- 9 | 10-12 || total
-------------------------+-------+-------+-------+-------++-------
Melee: War axe           |    48 |   103 |    27 |       ||   178
       Headbutt          |    13 |    20 |    53 |   160 ||   246
       Morningstar       |       |       |   220 |   320 ||   540
       Mace              |       |       |       |   247 ||   247
       Dagger            |       |       |       |    58 ||    58
 Fire: Fustibalus        |       |       |       |     8 ||     8
Throw: Tomahawk          |    14 |    33 |    55 |       ||   102
       Javelin           |       |       |       |    20 ||    20
Invok: Potion Petition   |       |       |       |     1 ||     1
Evoke: Wand              |       |       |     4 |     4 ||     8
  Use: Scroll            |       |       |     1 |    21 ||    22
       Potion            |       |       |     1 |    18 ||    19
 Stab: Paralysed         |       |       |       |     3 ||     3
       Distracted        |       |       |       |     5 ||     5
  Eat: Chunk             |       |     3 |       |       ||     3
       Ration            |       |     2 |     4 |     5 ||    11
Armor: Scale mail        |    21 |    40 |    10 |       ||    71
       Ring mail         |       |       |    96 |   270 ||   366
Dodge: Dodged            |    12 |    27 |    71 |   170 ||   280
Block: Shield            |    13 |    57 |   122 |   336 ||   528
